 Dungeon Crawl Stone Soup version 0.23.2-33-g5129a83184 (webtiles) character file.

Game seed: 6516664519269612652

182 Acheron the Skirmisher (level 5, 0/45 HPs)
             Began as a Demigod Wanderer on July 14, 2019.
             Killed from afar by an orc wizard (11 damage)
             ... with a puff of flame
             ... on level 4 of the Dungeon.
             The game lasted 00:17:31 (4501 turns).

Acheron the Skirmisher (Demigod Wanderer)           Turns: 4501, Time: 00:17:32

Health: 0/45       AC:  5    Str: 16    XL:     5   Next: 12%
Magic:  10/10      EV: 11    Int: 15    God:
Gold:   200        SH:  0    Dex: 17    Spells: 7/7 levels left

rFire    . . .     SeeInvis .   a - +3 dagger
rCold    . . .     Gourm    .   (no shield)
rNeg     . . .     Faith    .   h - +0 ring mail
rPois    .         Spirit   .   (no helmet)
rElec    .         Reflect  .   (no cloak)
rCorr    .         Harm     .   (no gloves)
MR       .....                  (no boots)
Stlth    ++........             (no amulet)
HPRegen  0.15/turn              (no ring)
MPRegen  0.12/turn              (no ring)

@: no status effects
A: high mp 1
a: no special abilities


You were on level 4 of the Dungeon.
You were not hungry.

You visited 1 branch of the dungeon, and saw 4 of its levels.

You collected 200 gold pieces.

Inventory:

Hand Weapons
 a - a +3 dagger (weapon)
 c - a +0 short sword
 t - a +0 hunting sling
Missiles
 l - 38 sling bullets
 n - 50 arrows
 q - 86 stones (quivered)
Armour
 e - a +0 robe
 h - a +0 ring mail (worn)
Jewellery
 m - a cursed ring of attention {unknown}
Scrolls
 g - 3 scrolls of identify
 o - a scroll of teleportation
 r - a scroll of enchant weapon
 v - a scroll of fog {unknown}
 w - a scroll of remove curse
Potions
 b - a potion of berserk rage
 d - 2 potions of lignification
 j - a potion of agility
 k - a potion of ambrosia {unknown}
 p - a potion of curing {unknown}
 s - 3 potions of brilliance {unknown}
 u - a potion of heal wounds {unknown}
Comestibles
 f - 4 rations
 i - 4 chunks of flesh


   Skills:
 + Level 3.2 Fighting
 * Level 2.5 Short Blades
 * Level 2.1 Dodging
 * Level 3.1 Stealth
 * Level 1.9 Spellcasting
   Level 1.0 Necromancy
   Level 1.0 Ice Magic


You had 7 spell levels left.
You didn't know any spells.
Your spell library was empty.

Dungeon Overview and Level Annotations

Branches:
Dungeon (4/15)
 Temple: D:4-7

Annotations:
D:2 Terence
D:3 exclusion: 2 downstairs


Innate Abilities, Weirdness & Mutations

You have an increased reservoir of magic. (+10% MP)


Message History

The orc wizard casts a spell at you. The puff of flame hits you.
You hit the orc wizard.
The orc wizard is lightly wounded.
The orc wizard hits you but does no damage.
The gnoll barely misses you.
You hit the orc wizard but do no damage.
The orc wizard is lightly wounded.
The orc wizard closely misses you.
The gnoll hits you from afar with a +0 spear.
You hit the orc wizard.
The orc wizard is moderately wounded.
The orc wizard hits you with a +0 dagger. x2
The gnoll barely misses you.
The orc wizard gestures at you while chanting.
The puff of flame hits you!
* * * LOW HITPOINT WARNING * * *
The orc wizard gestures at you while chanting.
The puff of flame hits you!
You die...

..............##...#
##....%............#
>....$........#..###
##.............##
..............###
l....#........# ....
#....<#### ...
##...### ...
#..@..## ....
#..##..# ....
##.###.# ....#
#o#...####
.....##o.......#
>.......<......#
..#...........#
....##........# ####
#........#


You could see an orc wizard and an orc.

Vanquished Creatures
  A worker ant (D:4)
  4 adders
  2 oozes (D:1)
  5 worms
  3 dart slugs (D:2)
  2 leopard geckos
  4 orcs (D:3)
  4 giant cockroaches
  10 goblins
  6 hobgoblins
  8 jackals (D:1)
  4 quokkas
  2 ball pythons
  11 bats
  6 frilled lizards
  7 kobolds
  9 rats
88 creatures vanquished.

Notes
Turn   | Place    | Note
-------+----------+-------------------------------------------
     0 | D:1      | Acheron the Demigod Wanderer began the quest for the Orb.
     0 | D:1      | Acheron set off with the following items: a +2 dagger, a
                  | potion of berserk rage, a +0 short sword, a potion of
                  | lignification, a +0 robe, a ration
     0 | D:1      | Reached XP level 1. HP: 18/18 MP: 4/4
   147 | D:1      | Reached XP level 2. HP: 17/25 MP: 4/6
   758 | D:1      | Reached XP level 3. HP: 14/31 MP: 7/7
  1901 | D:4      | Noticed an ogre
  2011 | D:3      | Reached XP level 4. HP: 38/38 MP: 8/8
  2515 | D:2      | Noticed Terence
  4163 | D:3      | Found an ornate altar of the Wu Jian Council.
  4298 | D:4      | Reached XP level 5. HP: 37/45 MP: 10/10
  4501 | D:4      | Killed from afar by an orc wizard

Skill      XL: |  1  2  3  4 |
---------------+-------------+-----
Stealth        | 2 3 |  3.1
Fighting       | 3 |  3.2
Short Blades   | 2 |  2.5
Dodging        | 2 |  2.1
Spellcasting   | |  1.9
Necromancy     | |  1.0
Ice Magic      | |  1.0

Action                   |  1- 3 |  4- 6 || total
-------------------------+-------+-------++-------
Melee: Dagger            |   166 |   143 ||   309
  Use: Scroll            |     5 |     1 ||     6
 Stab: Sleeping          |    11 |     6 ||    17
  Eat: Chunk             |     4 |     4 ||     8
       Ration            |       |     1 ||     1
Armor: Robe              |    25 |    10 ||    35
       Ring mail         |       |    21 ||    21
Dodge: Dodged            |    89 |    82 ||   171
